 Dungeon Crawl Stone Soup version 0.22.0-49-gab54619674 (webtiles) character file.

484 IceCat the Chopper (level 7, -3/61 HPs)
             Began as a Hill Orc Fighter on Sept 4, 2018.
             Slain by Prince Ribbit (10 damage)
             ... on level 5 of the Dungeon.
             The game lasted 00:06:19 (3477 turns).

IceCat the Chopper (Hill Orc Fighter)               Turns: 3477, Time: 00:06:20

Health: -3/61      AC:  8    Str: 19    XL:     7   Next: 12%
Magic:  7/7        EV:  8    Int:  8    God:
Gold:   314        SH:  9    Dex: 12    Spells: 6/6 levels left

rFire    . . .     SeeInvis .   a - +0 war axe
rCold    . . .     Gourm    +   c - +0 shield
rNeg     . . .     Faith    .   b - +0 scale mail
rPois    .         Spirit   .   o - +0 helmet
rElec    .         Reflect  .   (no cloak)
rCorr    .         Harm     .   (no gloves)
MR       +....                  (no boots)
Stlth    ..........             k - amulet of the gourmand
HPRegen  0.20/turn              v - ring of protection from magic
MPRegen  0.10/turn              (no ring)

@: no status effects
A: no striking features
a: no special abilities


You were on level 5 of the Dungeon.
You were very full.

You visited 1 branch of the dungeon, and saw 5 of its levels.

You collected 314 gold pieces.

Inventory:

Hand Weapons
 a - a +0 war axe (weapon)
 p - a +0 hand axe of freezing
Armour
 b - a +0 scale mail (worn)
 c - a +0 shield (worn)
 o - a +0 helmet (worn)
Jewellery
 k - an amulet of the gourmand (around neck)
 v - a ring of protection from magic (left hand)
Wands
 l - a wand of random effects (22)
 t - a wand of flame (43)
Scrolls
 e - 3 scrolls of teleportation {unknown}
 g - 6 scrolls of identify {unknown}
 q - a scroll of immolation {unknown}
 r - a scroll of random uselessness {unknown}
 s - a scroll of enchant armour {unknown}
 u - a scroll of acquirement {unknown}
 w - a scroll of torment {unknown}
Potions
 d - 4 potions of might
 h - a potion of curing {unknown}
 i - a potion of invisibility {unknown}
 j - a potion of magic {unknown}
 m - 2 potions of lignification {unknown}
 n - a potion of degeneration {unknown}
Comestibles
 f - 14 rations


   Skills:
 + Level 5.3 Fighting
 + Level 6.5 Axes
 + Level 4.4 Armour
 + Level 1.2 Dodging
 + Level 0.1 Stealth
 + Level 4.6 Shields


You had 6 spell levels left.
You didn't know any spells.
Your spell library was empty.

Dungeon Overview and Level Annotations

Branches:
Dungeon (5/15)
 Temple: D:4-7

Altars:
Nemelex Xobeh

Annotations:
D:5 1 runed door, Anaz's ghost, novice DgAE; Prince Ribbit


Message History

You block Prince Ribbit's attack.
You hit Prince Ribbit.
Prince Ribbit is lightly wounded.
Prince Ribbit hits you!
* * * LOW HITPOINT WARNING * * *
You closely miss Prince Ribbit.
Prince Ribbit is lightly wounded.
You block Prince Ribbit's attack. Prince Ribbit completely misses you.
You completely miss Prince Ribbit.
Prince Ribbit is lightly wounded.
You block Prince Ribbit's attack.
You hit Prince Ribbit.
Prince Ribbit is lightly wounded.
Prince Ribbit closely misses you. Prince Ribbit completely misses you.
You miss Prince Ribbit.
Prince Ribbit is lightly wounded.
Prince Ribbit hits you!
* * * LOW HITPOINT WARNING * * *
Prince Ribbit hits you!
You die...

######.###.#
..........#.#
.######.#.#.#
...#.#.#
#####.#.#
#.#.# #.#.##
##...F#
#...#@#
#.†.).#
......†####
....#.##
....#. ### #.
#.


You could see Prince Ribbit.

Vanquished Creatures
  A scorpion (D:4)
  A crimson imp (D:5)
  A howler monkey (D:3)
  2 hounds (D:4)
  Jessica (D:2)
  An orc wizard (D:4)
  2 worker ants (D:4)
  A hound zombie (D:5)
  Robin (D:2)
  A howler monkey skeleton (D:4)
  5 adders
  2 oozes
  A worm (D:5)
  2 dart slugs
  3 leopard geckos
  4 orcs
  6 bats
  7 giant cockroaches
  12 goblins
  16 hobgoblins
  13 jackals
  3 ball pythons
  12 frilled lizards
  4 kobolds
  6 rats
108 creatures vanquished.

Notes
Turn   | Place    | Note
-------+----------+-------------------------------------------
     0 | D:1      | IceCat the Hill Orc Fighter began the quest for the Orb.
     0 | D:1      | Reached XP level 1. HP: 19/19 MP: 1/1
    41 | D:1      | Reached XP level 2. HP: 19/27 MP: 2/2
   306 | D:1      | Reached skill level 3 in Axes
   345 | D:1      | Reached XP level 3. HP: 26/33 MP: 3/3
   789 | D:2      | Noticed Jessica
   796 | D:2      | Killed Jessica
   796 | D:2      | Reached XP level 4. HP: 41/41 MP: 4/4
   912 | D:2      | Reached skill level 4 in Axes
  1015 | D:2      | Found a sparkling altar of Nemelex Xobeh.
  1038 | D:2      | Noticed Robin
  1051 | D:2      | Killed Robin
  1055 | D:2      | Reached XP level 5. HP: 33/47 MP: 5/5
  1595 | D:3      | Reached skill level 5 in Axes
  1624 | D:3      | Reached skill level 5 in Fighting
  2141 | D:4      | Reached XP level 6. HP: 28/56 MP: 6/6
  2659 | D:4      | Reached skill level 1 in Dodging
  2840 | D:4      | Reached skill level 6 in Axes
  3206 | D:5      | Entered Level 5 of the Dungeon
  3399 | D:5      | Reached XP level 7. HP: 59/61 MP: 7/7
  3434 | D:5      | Found a runed door.
  3436 | D:5      | Noticed Anaz's ghost (novice DgAE)
  3448 | D:5      | Noticed Prince Ribbit
  3477 | D:5      | Slain by Prince Ribbit

Skill      XL: |  1  2  3  4  5  6 |
---------------+-------------------+-----
Fighting       | 4 5 |  5.3
Axes           | 3 4 5 6 |  6.5
Shields        | 4 |  4.6
Armour         | 4 |  4.4
Dodging        | 1 |  1.2
Stealth        | |  0.1

Action                   |  1- 3 |  4- 6 |  7- 9 || total
-------------------------+-------+-------+-------++-------
Melee: War axe           |    97 |   137 |    31 ||   265
       Hand axe          |       |    62 |       ||    62
  Use: Potion            |       |     1 |       ||     1
  Eat: Chunk             |       |    17 |       ||    17
Armor: Scale mail        |    54 |    90 |    10 ||   154
Dodge: Dodged            |    36 |    74 |    12 ||   122
Block: Shield            |    61 |   120 |    13 ||   194
